 Dungeon Crawl Stone Soup version 0.23.1-44-gbd83930989 (webtiles) character file.

Game seed: 6666007847299119081

259 PentaManta the Skirmisher (level 6, -4/43 HPs)
             Began as an Octopode Fighter on Mar 31, 2019.
             Slain by an ogre
             ... wielding a cursed +0 giant club
              (17 damage)
             ... on level 4 of the Dungeon.
             The game lasted 00:06:28 (4496 turns).

PentaManta the Skirmisher (Octopode Fighter)        Turns: 4496, Time: 00:06:29

Health: -4/43      AC:  1    Str: 16    XL:     6   Next: 17%
Magic:  6/6        EV: 12    Int: 12    God:
Gold:   200        SH:  9    Dex: 13    Spells: 5/5 levels left

rFire    . . .     SeeInvis .   a - +0 long sword
rCold    . . .     Gourm    .   b - +0 shield
rNeg     . . .     Faith    .   (helmet restricted)
rPois    .         Spirit   .   (no amulet)
rElec    .         Reflect  .   j - +2 ring of intelligence
rCorr    .         Harm     .   (no ring)
MR       .....                  (no ring)
Stlth    +++.......             (no ring)
HPRegen  0.14/turn              (no ring)
MPRegen  0.10/turn              (no ring)
                                (no ring)
                                (no ring)

@: no status effects
A: almost no armour, stealthy swim, amphibious, 8 rings, constrict 8, camouflage
1, gelatinous body 1
a: no special abilities


You were on level 4 of the Dungeon.
You were hungry.

You visited 2 branches of the dungeon, and saw 6 of its levels.

You collected 200 gold pieces.

Inventory:

Hand Weapons
 a - a +0 long sword (weapon)
Missiles
 g - 8 silver javelins (quivered)
Armour
 b - a +0 shield (worn)
Jewellery
 j - a +2 ring of intelligence (left tentacle)
Scrolls
 f - 5 scrolls of identify {unknown}
 h - 2 scrolls of enchant weapon {unknown}
 i - a scroll of enchant armour {unknown}
 k - 3 scrolls of amnesia {unknown}
 n - a scroll of magic mapping {unknown}
 o - a scroll of immolation {unknown}
 q - 2 scrolls of remove curse {unknown}
 r - a scroll of teleportation {unknown}
 u - a scroll of blinking {unknown}
 w - a scroll of fear {unknown}
Potions
 c - 2 potions of might
 e - a potion of haste
 l - a potion of mutation {unknown}
 m - 2 potions of degeneration {unknown}
 p - 2 potions of magic {unknown}
 s - 3 potions of invisibility {unknown}
 t - 2 potions of brilliance {unknown}
 v - a potion of heal wounds {unknown}
 x - 2 potions of agility {unknown}
Comestibles
 d - 9 rations


   Skills:
 + Level 4.0 Fighting
 + Level 3.3 Long Blades
 + Level 4.0 Dodging
 + Level 3.4 Stealth
 + Level 3.9 Shields


You had 5 spell levels left.
You didn't know any spells.
Your spell library was empty.

Dungeon Overview and Level Annotations

Branches:
Dungeon (5/15)             Temple (1/1) D:4

Altars:
Cheibriados
Fedhas
Gozag
Hepliaklqana
Kikubaaqudgha
Nemelex Xobeh
Qazlal
Ru
Sif Muna
Wu Jian
Yredelemnul


Innate Abilities, Weirdness & Mutations

You cannot wear most types of armour.
You are very stealthy in the water. (Stealth+)
You are amphibious.
You can wear up to eight rings at the same time.
You can use your tentacles to constrict eight enemies at once.
Your skin changes colour to match your surroundings (Stealth+).
Your rubbery body absorbs attacks. (AC +1, EV +1)


Message History

You barely miss the ogre. You squeeze the ogre.
The ogre is lightly wounded.
The ogre closely misses you.
You barely miss the ogre.
The ogre is lightly wounded.
The ogre misses you.
You completely miss the ogre. You squeeze the ogre, but do no damage.
The ogre is lightly wounded.
The ogre barely misses you.
You hit the ogre.
The ogre is moderately wounded.
You block the ogre's attack.
You slash the ogre!
The ogre is severely wounded.
The ogre hits you with a cursed +0 giant club!!
Ouch! That really hurt!
You barely miss the ogre.
The ogre is severely wounded.
The ogre hits you with a cursed +0 giant club!
You die...

............###....#
#...........##....#
..... #......### ....
###...## ###.. #...#
##...##### #..###
.#...#...# #....# #
.....#.>.####...†#.##
.....#...#......@..>#
.##.##.#.#..#.$.O..##
.....#...#######..##
.....#.>.#.# #...
.....#...#.# .....
..#..#####.## #...##
..#....###..###...##
.......#.....$...##
..................


You could see an ogre.

Vanquished Creatures
  A big kobold (D:5)
  A hound (D:3)
  A worker ant (D:5)
  3 adders (D:2)
  A shadow imp (D:5)
  3 worms (D:2)
  8 leopard geckos
  4 orcs
  5 giant cockroaches
  9 goblins
  5 hobgoblins
  6 jackals (D:1)
  14 kobolds
  5 quokkas
  6 bats
  2 frilled lizards
  A leopard gecko skeleton (D:4)
  6 rats
81 creatures vanquished.

Notes
Turn   | Place    | Note
-------+----------+-------------------------------------------
     0 | D:1      | PentaManta the Octopode Fighter began the quest for the
                  | Orb.
     0 | D:1      | Reached XP level 1. HP: 16/16 MP: 1/1
   399 | D:1      | Reached XP level 2. HP: 21/21 MP: 2/2
   421 | D:1      | Reached skill level 1 in Stealth
   646 | D:1      | Reached XP level 3. HP: 26/26 MP: 3/3
  1389 | D:2      | Found a hazy altar of Hepliaklqana.
  1415 | D:2      | Reached XP level 4. HP: 30/31 MP: 4/4
  1435 | D:2      | You fall through a shaft for 2 floors!
  1446 | D:4      | Found a staircase to the Ecumenical Temple.
  1482 | D:5      | Entered Level 5 of the Dungeon
  1830 | D:5      | Noticed a big kobold
  1838 | D:5      | Killed a big kobold
  1838 | D:5      | Reached XP level 5. HP: 24/37 MP: 5/5
  2363 | Temple   | Entered the Ecumenical Temple
  2650 | D:4      | Noticed an ogre
  4221 | D:3      | Reached XP level 6. HP: 43/43 MP: 6/6
  4496 | D:4      | Slain by an ogre

Skill      XL: |  1  2  3  4  5  6 |
---------------+-------------------+-----
Stealth        | 1 2 3 |  3.4
Long Blades    | 3 |  3.3
Fighting       | 4 |  4.0
Dodging        | 4 |  4.0
Shields        | |  3.9

Action                   |  1- 3 |  4- 6 || total
-------------------------+-------+-------++-------
Melee: Long sword        |    68 |    80 ||   148
       Constrict         |    14 |    19 ||    33
       Tentacles         |    16 |    18 ||    34
Throw: Javelin           |     1 |     1 ||     2
  Use: Potion            |       |     3 ||     3
 Stab: Sleeping          |     9 |    14 ||    23
  Eat: Chunk             |     2 |     5 ||     7
       Ration            |       |     1 ||     1
Armor: Skin              |     5 |     1 ||     6
Dodge: Dodged            |    34 |    26 ||    60
Block: Shield            |    32 |    25 ||    57
       Rpst.: Long sword |    10 |     8 ||    18
